 Dungeon Crawl Stone Soup version 0.27.1-35-g4d5d836560 (webtiles) character file.

Game seed: 12963052177561313029

6 Delamore the Sneak (level 1, 0/14 HPs)
             Began as an Octopode Brigand on Mar 8, 2022.
             Slain by a bat (1 damage)
             ... on level 1 of the Dungeon.
             The game lasted 00:00:15 (110 turns).

Delamore the Sneak (Octopode Brigand)                Turns: 110, Time: 00:00:15

Health: 0/14       AC:  1    Str: 10    XL:     1   Next: 90%
Magic:  1/1        EV: 12    Int: 13    God:
Gold:   0          SH:  0    Dex: 13    Spells: 0/0 levels left

rFire    . . .     SeeInvis .   a - +2 dagger
rCold    . . .     Faith    .   (no shield)
rNeg     . . .     Spirit   .   (helmet restricted)
rPois    .         Reflect  .   (no amulet)
rElec    .         Harm     .   (no ring)
rCorr    .         Rampage  .   (no ring)
Will     .....                  (no ring)
Stlth    ++++......             (no ring)
HPRegen  0.04/turn              (no ring)
MPRegen  0.07/turn              (no ring)
                                (no ring)
                                (no ring)

@: no status effects
A: almost no armour, amphibious, 8 rings, camouflage 1, gelatinous body 1,
(nimble swimmer 1), tentacles
a: no special abilities


You were on level 1 of the Dungeon.
You visited 1 branch of the dungeon, and saw 1 of its levels.

Inventory:

Hand Weapons
 a - a +2 dagger (weapon)
Missiles
 b - 8 poisoned darts (quivered)
 c - 2 curare-tipped darts


   Skills:
 - Level 2.0 Fighting
 + Level 2.1 Short Blades
 - Level 2.0 Throwing
 - Level 1.0 Dodging
 * Level 5.7 Stealth


You couldn't memorise any spells.
You didn't know any spells.
Your spell library was empty.

Dungeon Overview and Level Annotations

Branches:
Dungeon (1/15)

Altars:


Innate Abilities, Weirdness & Mutations

You cannot wear most types of armour.
You are amphibious.
You can wear up to eight rings at the same time.
Your skin changes colour to match your surroundings (Stealth+).
Your rubbery body absorbs attacks. (AC +1, EV +1)
((You are camouflaged near water. (Stealth+)))
You have tentacles for arms and can constrict up to eight enemies at once.


Message History

The bat hits you. The kobold barely misses you. The jackal closely misses you.
There are monsters nearby!
There are monsters nearby!
You hit the kobold but do no damage. Your grab misses the kobold.
The kobold is severely wounded.
The bat closely misses you. The jackal bites you.
The kobold hits you with a +0 whip. The bat barely misses you.
You barely miss the kobold. You grab the kobold.
The kobold is severely wounded.
You constrict the kobold.
You kill the kobold!
The bat misses you. The jackal misses you.
You hit the jackal. You grab the jackal.
The jackal is severely wounded.
You constrict the jackal. The jackal bites you. x2
The bat hits you but does no damage.
You are too injured to fight recklessly!
You are too injured to fight recklessly!
You are too injured to fight recklessly!
You are too injured to fight recklessly!
You are too injured to fight recklessly!
You release your grip on the jackal.
The bat misses you. The jackal bites you. The bat hits you.
* * * LOW HITPOINT WARNING * * *
The jackal bites you.
* * * LOW HITPOINT WARNING * * *
You see here a bat corpse.
The bat completely misses you.
You see here a +0 mace of venom.
You aren't carrying any potions.
The jackal bites you.
* * * LOW HITPOINT WARNING * * *
As you read the scroll labelled LAPPAZ JIDDA, it crumbles to dust.
It is a scroll of amnesia.
You feel forgetful for a moment. The jackal closely misses you.
The jackal barely misses you.
You closely miss the jackal. Your grab misses the jackal.
The jackal is almost dead.
The bat barely misses you. The bat hits you.
You die...

##≈≈≈## #...........#
#≈≈P≈≈## ####.......##..#
≈≈≈.≈≈≈##
...........##.##
≈P.8.P≈≈######..........#
≈.....≈≈#.........)...###
.(.....≈8.####...#...###
## P8.<.8P.'.#
#...#.....#####..
.......≈8##
#...##..#.......#
≈.....≈≈##
#..@##..###.....#.
≈P.8.P≈≈#
####bh............
≈≈≈.≈≈≈##
#...#r.#.........
#≈≈P≈≈##
.....###.)#..h......
##≈≈≈##
...#####...h........=
##### .. #...............
..$........)......
###...............
#..............>


You could see 2 jackals, a bat and a rat.

Vanquished Creatures
  A bat (D:1)
  An endoplasm (D:1)
  A goblin (D:1)
  A kobold (D:1)
  A frilled lizard (D:1)
5 creatures vanquished.

Notes
Turn   | Place    | Note
-------+----------+-------------------------------------------
     0 | D:1      | Delamore the Octopode Brigand began the quest for the Orb.
     0 | D:1      | Reached XP level 1. HP: 14/14 MP: 1/1
   110 | D:1      | Slain by a bat

Illustrated notes

Levels and vault maps discovered:
D:1:      lightli_arrival_statuegarden, layout_rooms

Action                   || total
-------------------------++-------
Melee: Dagger            ||    11
       Constrict         ||     4
       Tentacles         ||     2
  Use: Scroll            ||     1
 Stab: Sleeping          ||     1
Armor: Skin              ||     2
Dodge: Dodged            ||    12
